 Dungeon Crawl Stone Soup version 0.28-a0-1159-g27aa881441 (webtiles) character file.

Game seed: 5159537857652020474

684 SensoryNuts the Slasher (level 7, -2/55 HPs)
             Began as a Demonspawn Fighter on Dec 15, 2021.
             Was an Initiate of Gozag.
             Slain by a gnoll (4 damage)
             ... on level 4 of the Dungeon.
             The game lasted 00:04:12 (4479 turns).

SensoryNuts the Slasher (Demonspawn Fighter)        Turns: 4479, Time: 00:04:12

Health: -2/55      AC: 12    Str: 19    XL:     7   Next: 35%
Magic:  7/7        EV:  7    Int:  9    God:    Gozag
Gold:   189        SH:  4    Dex: 12    Spells: 6/6 levels left

rFire   . . .      SeeInvis .   a - +0 long sword
rCold   . . .      Faith    .   c - +0 buckler
rNeg    . . .      Spirit   .   k - +0 chain mail
rPois   .          Reflect  .   (helmet restricted)
rElec   .          Harm     .   (no cloak)
rCorr   .          Rampage  .   (no gloves)
Will    .....                   (no boots)
Stlth   ..........              (no amulet)
HPRegen 0.18/turn               (no ring)
MPRegen 0.20/turn               (no ring)

@: gold aura
A: antennae 1, molten scales 2, demonic guardian 1, magic regeneration
a: Renounce Religion, Potion Petition, Call Merchant, Bribe Branch


You were on level 4 of the Dungeon.
You worshipped Gozag.
Gozag was aware of your devotion.
You visited 1 branch of the dungeon, and saw 4 of its levels.

You collected 201 gold pieces.
You paid 12 gold pieces to Gozag.

Inventory:

Hand Weapons
 a - a +0 long sword (weapon)
Armour
 b - a +0 scale mail
 c - a +0 buckler (worn)
 k - a +0 chain mail (worn)
Wands
 m - a wand of flame (22)
Scrolls
 d - a scroll of silence {unknown}
 e - 2 scrolls of teleportation
 h - 2 scrolls of magic mapping
 l - 3 scrolls of identify
Potions
 f - a potion of lignification
 g - a potion of flight {unknown}
 i - 4 potions of cancellation {unknown}
 j - a potion of ambrosia {unknown}


   Skills:
 + Level 4.4 Fighting
 + Level 4.9 Long Blades
 + Level 4.9 Armour
 + Level 1.1 Dodging
 + Level 0.2 Stealth
 + Level 3.3 Shields


You had 6 spell levels left.
You didn't know any spells.
Your spell library contained the following spells:

 Spells                   Type           Power      Damage    Failure   Level
 Call Canine Familiar     Summ           0%         N/A       100%        3
 Portal Projectile        Hex/Tloc       0%         N/A       100%        3
 Leda's Liquefaction      Hex/Erth       0%         N/A       100%        4


Dungeon Overview and Level Annotations

Branches:
Dungeon (4/15)
 Temple: D:4-7

Altars:
Ashenzari
Gozag
The Shining One

Shops:
D:2 :


Innate Abilities, Weirdness & Mutations

You have a pair of small antennae on your head.
You are mostly covered in molten scales. (AC +3)
A weak demonic guardian rushes to your aid.
You regenerate magic rapidly.


Message History

The howler monkey barely misses you.
You completely miss the howler monkey. The howler monkey closely misses you.
The hobgoblin barely misses you. The gnoll barely misses you.
The gnoll hits you with a +0 flail. The howler monkey closely misses you.
The hobgoblin hits you but does no damage.
You block the gnoll's attack.
You closely miss the howler monkey. The gnoll hits you with a +0 flail.
The howler monkey closely misses you. You block the hobgoblin's attack.
The gnoll hits you from afar with a +0 spear.
* * * LOW HITPOINT WARNING * * *
The gnoll hits you with a +0 flail.
* * * LOW HITPOINT WARNING * * *
A demonic guardian appears!
Really quaff the potion of lignification? [Y]es or [N]o only, please.
Really quaff the potion of lignification?
Okay, then.
You barely miss the gnoll.
The howler monkey hoots and howls with incredible vigour!
The hobgoblin hits you.
* * * LOW HITPOINT WARNING * * *
The gnoll hits you but does no damage. The gnoll completely misses you.
Unknown command.
You completely miss the gnoll.
The howler monkey hits you but does no damage.
Your iron imp barely misses the hobgoblin.
The gnoll hits you from afar with a +0 spear.
* * * LOW HITPOINT WARNING * * *
The hobgoblin completely misses you. You block the gnoll's attack.
The howler monkey hits you but does no damage.
You barely miss the hobgoblin.
Your iron imp hits the hobgoblin.
The hobgoblin dies!
The gnoll hits you but does no damage. The gnoll hits you with a +0 flail!
* * * LOW HITPOINT WARNING * * *
You block the howler monkey's attack.
Unknown command.
You closely miss the howler monkey. The howler monkey barely misses you.
The gnoll hits you but does no damage. The gnoll hits you with a +0 flail.
You die...
Your body crumbles into a pile of gold.

#############
#...........#
###.##..5........#
.....'.gh@....>..+
###.##..g........#
#...........#
#......(....#
####...######
#...+ $
#...########
##+#........
#.#######


You could see a howler monkey (ally target), 2 gnolls and a friendly iron imp
(summoned).

Vanquished Creatures
  Duvessa (D:4)
  Dowan (D:4)
  A hound (D:2)
  2 bullfrog skeletons (D:4)
  Jessica (D:3)
  Natasha (thrice) (D:3)
  2 gnolls
  5 adders
  7 worms
  A dart slug (D:2)
  An orc (D:3)
  6 ball pythons
  5 endoplasms
  5 giant cockroaches
  3 hobgoblins
  6 jackals
  2 kobolds
  2 quokkas (D:3)
  5 bats
  2 frilled lizards (D:1)
  4 goblins
  7 rats
  A bush (D:2)
73 creatures vanquished.

Vanquished Creatures (collateral kills)
  Grinder (D:4)
  A hobgoblin (D:4)
  A ball python (D:2)
3 creatures vanquished.

Grand Total: 76 creatures vanquished

Notes
Turn   | Place    | Note
-------+----------+-------------------------------------------
     0 | D:1      | SensoryNuts the Demonspawn Fighter began the quest for the
                  | Orb.
     0 | D:1      | Reached XP level 1. HP: 18/18 MP: 1/1
   127 | D:1      | Gained mutation: A weak demonic guardian rushes to your
                  | aid. [demonic ancestry]
   127 | D:1      | Reached XP level 2. HP: 12/24 MP: 2/2
   528 | D:1      | Gained mutation: You are partially covered in molten
                  | scales. (AC +2) [demonic ancestry]
   528 | D:1      | Reached XP level 3. HP: 28/29 MP: 3/3
  1459 | D:2      | Found a faded altar of an unknown god.
  1517 | D:2      | Found Ydy Feug's Book Shoppe.
  1836 | D:2      | Gained mutation: You regenerate magic rapidly. [demonic
                  | ancestry]
  1836 | D:2      | Reached XP level 4. HP: 23/35 MP: 4/4
  2298 | D:3      | Found an opulent altar of Gozag.
  2310 | D:3      | Became a worshipper of Gozag Ym Sagoz the Greedy
  2650 | D:3      | Gained mutation: You are mostly covered in molten scales.
                  | (AC +3) [demonic ancestry]
  2650 | D:3      | Reached XP level 5. HP: 39/41 MP: 5/5
  3077 | D:3      | Noticed Jessica
  3085 | D:3      | Killed Jessica
  3168 | D:3      | Noticed Natasha
  3177 | D:3      | Killed Natasha
  3381 | D:3      | Noticed Natasha
  3393 | D:3      | Killed Natasha
  3624 | D:3      | Noticed Natasha
  3637 | D:3      | Killed Natasha
  3877 | D:4      | Found a broken altar of Ashenzari.
  3887 | D:4      | Gained mutation: You have a pair of small antennae on your
                  | head. [demonic ancestry]
  3887 | D:4      | Reached XP level 6. HP: 36/47 MP: 6/6
  4063 | D:4      | Noticed Dowan
  4063 | D:4      | Noticed Duvessa
  4084 | D:4      | Killed Duvessa
  4085 | D:4      | Reached skill level 1 in Dodging
  4092 | D:4      | Killed Dowan
  4347 | D:4      | Noticed Grinder
  4350 | D:4      | Paralysed by Grinder for 3 turns
  4354 | D:4      | Paralysed by Grinder for 2 turns
  4372 | D:4      | Paralysed by Grinder for 5 turns
  4378 | D:4      | Killed Grinder
  4379 | D:4      | Reached XP level 7. HP: 32/55 MP: 7/7
  4478 | D:4      | HP: 2/55 [gnoll (7)]
  4479 | D:4      | Slain by a gnoll

Illustrated notes

Levels and vault maps discovered:
D:1:      psy_arrival_basics, layout_loops_ring
D:2:      layout_rooms, shapermc_ecumenical_altar_hornbeckon, serial_shops,
          shop, minmay_hedge_maze
D:3:      layout_loops_ring, mainiacjoe_overflow_24_doors,
          nicolae_tso_carved_into_rock, kennysheep_pointless_box, st_stairs_3,
          uniq_jessica, uniq_natasha
D:4:      layout_basic, kennysheep_mini, general_overflow_altar, temple_statues,
          uniq_duvessa, uniq_grinder

Skill      XL: |  1  2  3  4  5  6 |
---------------+-------------------+-----
Long Blades    | 2 3 4 |  4.9
Shields        | 3 |  3.3
Armour         | 3 4 |  4.9
Dodging        | 1 |  1.1
Fighting       | 4 |  4.4
Stealth        | |  0.2

Action                   |  1- 3 |  4- 6 |  7- 9 || total
-------------------------+-------+-------+-------++-------
Melee: Long sword        |   197 |   157 |    16 ||   370
  Use: Scroll            |     3 |       |       ||     3
       Potion            |       |     1 |       ||     1
Armor: Scale mail        |    53 |       |       ||    53
       Chain mail        |    29 |    97 |    14 ||   140
Dodge: Dodged            |    60 |    50 |    10 ||   120
Block: Buckler           |    39 |    23 |     6 ||    68

Table legend: (Time is in decaauts)
 A = Elapsed time spent in this place.
 B = Non-inter-level travel time spent in this place.
 C = Inter-level travel time spent in this place.
 D = Time resting spent in this place.
 E = Time spent auto-exploring this place.
 F = Levels seen in this place.
 G = Mean time per level.
                   A        B        C        D        E       F      G
               +--------+--------+--------+--------+--------+-----+--------+
         Total |   4602 |   4349 |    253 |      0 |   3557 |   4 | 1150.5 |
       Dungeon |   4602 |   4349 |    253 |      0 |   3557 |   4 | 1150.5 |
               +--------+--------+--------+--------+--------+-----+--------+

Top non-repeatable levels by time:
     D:3: 1574 daAuts
     D:2: 1184 daAuts
     D:1: 1137 daAuts
     D:4: 707 daAuts
